 Dungeon Crawl Stone Soup version 0.27-b1-23-g44b8eac545 (webtiles) character file.

Game seed: 17267232468939964385

214 MajorAdolf the Chiller (level 5, -3/42 HPs)
             Began as a Naga Wanderer on July 28, 2021.
             Slain by an iguana (14 damage)
             ... on level 4 of the Dungeon.
             The game lasted 00:08:12 (4562 turns).

MajorAdolf the Chiller (Naga Wanderer)              Turns: 4562, Time: 00:08:13

Health: -3/42      AC:  2    Str: 14    XL:     5   Next: 91%
Magic:  9/9        EV:  9    Int: 15    God:
Gold:   144        SH:  0    Dex:  9    Spells: 4/10 levels left

rFire    . . .     SeeInvis +   p - +1 falchion (elec)
rCold    . . .     Faith    .   (no shield)
rNeg     . . .     Spirit   .   d - +0 robe
rPois    +         Reflect  .   (no helmet)
rElec    .         Harm     .   (no cloak)
rCorr    .         Rampage  .   (no gloves)
Will     +....                  (no barding)
Stlth    ++........             (no amulet)
HPRegen  0.14/turn              f - ring of willpower
MPRegen  0.11/turn              (no ring)

@: short of breath, very slow
A: AC +1, large, see invisible, deformed body, poison resistance, slowness 2,
spit poison 1, naga tail 1
a: Spit Poison


You were on level 4 of the Dungeon.
You visited 1 branch of the dungeon, and saw 4 of its levels.

You collected 144 gold pieces.

Inventory:

Hand Weapons
 a - a +2 dagger
 p - a +1 falchion of electrocution (weapon)
Missiles
 h - 8 atropa-tipped darts
Armour
 d - a +0 robe (worn)
Jewellery
 f - a ring of willpower (left hand)
 g - a ring of ice
Scrolls
 b - a scroll of blinking
 j - a scroll of identify {unknown}
 k - a scroll of summoning {unknown}
 l - a scroll of holy word {unknown}
 m - a scroll of teleportation {unknown}
 n - a scroll of magic mapping {unknown}
 r - a scroll of fog {unknown}
 s - a scroll of vulnerability {unknown}
Potions
 c - a potion of curing
 e - 3 potions of flight {unknown}
 i - 2 potions of magic {unknown}
 o - 3 potions of haste {unknown}
 q - a potion of cancellation {unknown}


   Skills:
 + Level 2.1 Long Blades
 + Level 4.3 Stealth
 - Level 3.0 Spellcasting
 - Level 2.0 Translocations
 + Level 5.0 Ice Magic
 - Level 1.3 Poison Magic


You had 4 spell levels left.
You knew the following spells:

 Your Spells              Type           Power      Damage    Failure   Level
a - Freeze                Ice            68%        1d8       2%          1
b - Sublimation of Blood  Necr           1%         N/A       30%         2
c - Ozocubu's Armour      Ice            17%        N/A       8%          3

Your spell library contained the following spells:

 Spells                   Type           Power      Damage    Failure   Level
 Beastly Appendage        Tmut           4%         N/A       21%         1
 Petrify                  Tmut/Erth      2%         N/A       89%         4
 Irradiate                Conj/Tmut      1%         3d14      99%         5


Dungeon Overview and Level Annotations

Branches:
Dungeon (4/15)
 Temple: D:4-7

Altars:
Dithmenos
Fedhas
Vehumet

Annotations:
D:3 exclusions: 3 orcs and orc priest


Innate Abilities, Weirdness & Mutations

Your serpentine skin is tough. (AC +1)
You have supernaturally acute eyesight. (SInv)
Armour fits poorly on your strangely shaped body.
Your system is resistant to poisons. (rPois)
You cover ground very slowly.
You can spit poison.
You have a snake-like lower body.


Message History

Okay, then.
Press: ? - help, Shift-Dir - straight line, f - adder
Aim: an adder (asleep)
The splash of poison hits the adder!
The adder is severely wounded.
The adder hisses angrily.
Unknown command.
You hit the adder but do no damage.
The adder is severely wounded.
The adder bites you. x2
You hit the adder.
You kill the adder!
You have got your breath back.
No target in view!
HP restored.
You now have 130 gold pieces (gained 19).
You now have 144 gold pieces (gained 14).
Found 21 arrows.
s - a scroll labelled YDIXZI BOREMM An iguana comes into view.
The iguana hisses angrily.
The iguana barely misses you.
You closely miss the iguana. The iguana bites you!
The iguana barely misses you.
You hit the iguana but do no damage. The iguana bites you.
You barely miss the iguana. The iguana closely misses you.
Press: ? - help, Shift-Dir - straight line, f - iguana
Aim: an iguana The splash of poison hits the iguana.
The iguana is poisoned.
The iguana is moderately wounded.
The iguana bites you.
Unknown command.
You closely miss the iguana.
The iguana is heavily wounded.
The iguana bites you!
* * * LOW HITPOINT WARNING * * *
You hit the iguana but do no damage.
The iguana is heavily wounded.
The iguana bites you!
You die...

## # .......
.....# .....#
.....# #...#
#..# ##.##
####.@.# ##
###...#.l.#
.#####
###...#####...#
.....###...###
##...#
.........###
#.. .........#
. ........##
.......##
.....###


You could see an iguana (poisoned).

Vanquished Creatures
  A necrophage (D:4)
  5 adders
  3 dart slugs
  3 orcs (D:3)
  5 bats
  6 endoplasms
  3 giant cockroaches
  7 goblins
  6 hobgoblins
  4 jackals (D:1)
  7 kobolds
  7 ball pythons
  5 frilled lizards
  8 rats
70 creatures vanquished.

Vanquished Creatures (others)
  5 plants (D:1)
5 creatures vanquished.

Grand Total: 75 creatures vanquished

Notes
Turn   | Place    | Note
-------+----------+-------------------------------------------
     0 | D:1      | MajorAdolf the Naga Wanderer began the quest for the Orb.
     0 | D:1      | MajorAdolf set off with the following items: a +2 dagger, a
                  | scroll of blinking, a potion of curing, a +0 robe; and the
                  | following spell memorised: Freeze; and the following spells
                  | available to memorise: Ozocubu's Armour
     0 | D:1      | Reached XP level 1. HP: 15/15 MP: 4/4
   164 | D:1      | Reached XP level 2. HP: 17/22 MP: 6/6
   549 | D:1      | Reached skill level 3 in Ice Magic
   892 | D:1      | Reached XP level 3. HP: 13/28 MP: 5/7
  2198 | D:2      | Found a faded altar of an unknown god.
  2207 | D:2      | Got Plato's Handbook of Transmigration
  2211 | D:2      | Learned a level 2 spell: Sublimation of Blood
  2476 | D:2      | Reached skill level 4 in Ice Magic
  2822 | D:2      | Reached XP level 4. HP: 31/36 MP: 5/8
  2983 | D:3      | Learned a level 3 spell: Ozocubu's Armour
  3126 | D:3      | Found a blossoming altar of Fedhas.
  3205 | D:3      | Found a radiant altar of Vehumet.
  3602 | D:3      | Reached skill level 1 in Long Blades
  4001 | D:4      | Found a shadowy altar of Dithmenos.
  4105 | D:4      | Noticed a necrophage
  4121 | D:4      | Killed a necrophage
  4122 | D:4      | Reached XP level 5. HP: 20/42 MP: 9/9
  4424 | D:4      | Reached skill level 5 in Ice Magic
  4562 | D:4      | Slain by an iguana

Illustrated notes

Levels and vault maps discovered:
D:1:      onia_arrival_handbag, layout_basic, serial_forest,
          infiniplex_forest_straight_4, infiniplex_forest_lined_room_3,
          infiniplex_forest_clump_curved, infiniplex_forest_lined_ring,
          infiniplex_forest_clump_medium, infiniplex_forest_3_way,
          infiniplex_forest_clump_long, kennysheep_small_spiral
D:2:      layout_basic, shapermc_ecumenical_altar_rom_forum
D:3:      cheibrodos_pilgrimage, layout_loops_ring,
          mainiacjoe_overflow_six_doors_small, nicolae_vehumet_radiance
D:4:      layout_cave_pods, overflow_temple_1_default

Skill      XL: |  1  2  3  4  5 |
---------------+----------------+-----
Ice Magic      | 3 4 5 |  5.0
Long Blades    | 1 2 |  2.1
Stealth        | 4 |  4.3
Spellcasting   | |  3.0
Translocations | |  2.0
Poison Magic   | |  1.3

Action                   |  1- 3 |  4- 6 || total
-------------------------+-------+-------++-------
Melee: Dagger            |    93 |    17 ||   110
       Falchion          |       |    41 ||    41
 Cast: Freeze            |     4 |       ||     4
 Abil: Spit Poison       |    18 |    16 ||    34
 Stab: Sleeping          |     7 |       ||     7
Armor: Robe              |    28 |    12 ||    40
Dodge: Dodged            |    49 |    37 ||    86
       Rpst.: Falchion   |       |     6 ||     6
